Phantoms vs Ice Caps

Created - Thursday, November 12, 2015 at 12:56

Goals
1 2 3 OT1 SO T
Phantoms 0 2 0 0 0 2
Ice Caps 0 1 1 0 1 3
Shots
1 2 3 OT1 SO T
Phantoms 8 9 11 4 4 32
Ice Caps 5 13 11 0 4 29

1st period

No Goal

Penalties :
Chris Neil (LEH) for Hooking (Minor) at 1:35, B.J. Crombeen (STJ) for Fighting (Major) at 5:08, Chris Langkow (LEH) for Fighting (Major) at 5:08, Derek Grant (STJ) for Fighting (Major) at 6:25, Deryk Engelland (LEH) for Fighting (Major) at 6:25, Derek Grant (STJ) for Delaying the game (Minor) at 12:24, Barry Goers (STJ) for Interference (Minor) at 16:12

2nd period

1. Ice Caps , B.J. Crombeen 2 (Derek Grant) at 3:57
2. Phantoms , Byron Froese 2 (Chris Neil) at 6:20
3. Phantoms , Dmitrij Jaskin 5 (Nathan Longpre) at 18:31

Penalties :
Marek Mazanec (LEH) for Slashing (Minor) at 9:09 - Tom Sestito served the penalty

3rd period

4. Ice Caps , B.J. Crombeen 3 (Derek Grant, Bobby Sanguinetti) at 12:21 (PP)

Penalties :
Bryan Allen (LEH) for Holding (Minor) at 2:03, Mitch Moroz (LEH) for Holding (Minor) at 11:12, B.J. Crombeen (STJ) for Holding (Minor) at 14:44, B.J. Crombeen (STJ) for Fighting (Major) at 19:58, Martin Gernat (LEH) for Fighting (Major) at 19:58

Overtime #1

No Goal

Penalties :
No Penalty

Shootout

Penalty Shot by Deryk Engelland for Phantoms - Stopped by Jeff Zatkoff
Penalty Shot by Patrick Dwyer for Ice Caps - Stopped by Marek Mazanec
Penalty Shot by Dmitrij Jaskin for Phantoms - Stopped by Jeff Zatkoff
Penalty Shot by Chris Conner for Ice Caps - Stopped by Marek Mazanec
Penalty Shot by Chris Neil for Phantoms - Shot Misses the Net
Penalty Shot by Shawn Thornton for Ice Caps - Stopped by Marek Mazanec
Penalty Shot by Ben Street for Phantoms - Stopped by Jeff Zatkoff
Penalty Shot by B.J. Crombeen for Ice Caps - Goal!

Penalties :
No Penalty

Goalie Stats

Marek Mazanec (LEH), 27 saves from 29 shots - (0.931), OTL, 7-7-3, 65:00 minutes
Jeff Zatkoff (STJ), 30 saves from 32 shots - (0.938), W, 5-1-2, 65:00 minutes

Players Stats for Phantoms

Player Name              G  A  P  +/- PIM S  H  SB GA TA FO     MP     PP MP  PK MP  
------------------------------------------------------------------------------------
Ben Street               0  0  0   1  0   2  1  0  0  0  5/12   17:11   2:34   1:17 
Brian Strait             0  0  0   2  0   6  2  2  0  0  0/0    27:40   3:20   4:35 
Bryan Allen              0  0  0  -1  2   3  1  2  0  1  0/0    28:41   2:49   2:58 
Bryan Lerg               0  0  0   0  0   2  0  1  4  2  0/5    15:42   0:00   0:20 
Byron Froese             1  0  1   0  0   2  1  0  1  0  3/8    15:00   3:23   0:00 
Chris Langkow            0  0  0   0  5   0  0  1  0  0  2/4    10:44   0:00   1:58 
Chris Neil               0  1  1   0  2   3  4  0  4  1  0/0    21:47   3:23   3:56 
Cody Bass                0  0  0   0  0   1  1  0  4  0  0/0     9:24   0:00   0:00 
Deryk Engelland          0  0  0   2  5   4  3  0  1  1  0/0    23:02   2:14   2:31 
Dmitrij Jaskin           1  0  1   1  0   5  1  0  7  0  4/10   21:13   2:34   5:20 
Garrett Wilson           0  0  0   0  0   0  3  1  0  0  0/0    18:48   3:23   1:17 
Greg Zanon               0  0  0   0  0   1  1  1  1  0  0/0    26:15   2:37   2:31 
Keegan Lowe              0  0  0  -1  0   0  1  1  0  1  0/0    13:28   0:31   0:00 
Mark Louis               0  0  0   0  0   0  4  0  2  0  0/0    13:17   0:00   0:00 
Martin Gernat            0  0  0   0  5   2  2  1  1  2  0/0    21:19   2:37   1:37 
Mitch Moroz              0  0  0   0  2   0  1  1  1  1  0/1     9:23   0:00   0:00 
Nathan Longpre           0  1  1   1  0   0  0  0  0  0  0/1     5:06   0:20   0:00 
Tom Sestito              0  0  0   0  0   1  1  1  0  0  0/0    14:40   0:00   0:04 

Players Stats for Ice Caps

Player Name              G  A  P  +/- PIM S  H  SB GA TA FO     MP     PP MP  PK MP  
------------------------------------------------------------------------------------
Alex Biega               0  0  0   1  0   2  1  0  0  1  0/0    29:22   4:00   3:40 
Andrew Bodnarchuk        0  0  0  -1  0   0  1  1  0  2  0/0    27:27   2:46   2:17 
Andrew Rowe              0  0  0   0  0   1  1  0  1  0  0/0    10:21   0:00   0:00 
B.J. Crombeen            2  0  2  -1  12  5  0  0  1  2  0/0    15:57   3:04   1:25 
Barry Goers              0  0  0  -1  2   0  0  1  1  1  0/0    17:34   0:00   0:00 
Bobby Sanguinetti        0  1  1   1  0   1  0  2  1  2  0/0    28:27   4:20   3:40 
Brandon Yip              0  0  0  -1  0   0  0  0  0  1  1/1    15:40   3:04   0:00 
Chris Conner             0  0  0  -1  0   0  0  2  3  0  4/9    23:17   3:02   1:09 
Derek Grant              0  2  2   0  7   2  3  1  3  0  8/11   18:50   3:53   2:15 
Drew LeBlanc             0  0  0  -1  0   0  0  0  0  0  0/0    10:19   0:00   0:00 
Kyle MacKinnon           0  0  0   0  0   1  1  0  1  0  5/8    14:16   0:00   0:45 
Nathan Oystrick          0  0  0   0  0   0  0  1  0  2  0/0     4:09   0:00   0:00 
Nick D'Agostino          0  0  0   0  0   2  0  1  0  0  0/0    21:34   3:06   2:17 
Patrick Dwyer            0  0  0   0  0   0  2  4  1  5  4/6    23:15   4:02   3:09 
Paul Carey               0  0  0  -1  0   9  2  2  1  1  1/2    18:50   0:11   0:27 
Shawn Thornton           0  0  0   0  0   4  4  0  2  0  0/0    17:49   4:02   0:23 
Tim Kennedy              0  0  0   0  0   2  2  0  4  0  3/3    16:01   0:00   2:21 
Trevor Smith             0  0  0   0  0   0  0  0  0  0  1/1     0:41   0:00   0:00 

3 Stars

1 - Dmitrij Jaskin (LEH)
2 - Byron Froese (LEH)
3 - Jeff Zatkoff (STJ)

Power Play

Phantoms - 0 on 3 Attempt(s) - 0.00%
Ice Caps - 1 on 4 Attempt(s) - 25.00%

Penalty Kill

Phantoms - 3 on 4 Attempt(s) - 75.00% - Score 0 goal in Penalty Kill
Ice Caps - 3 on 3 Attempt(s) - 100.00% - Score 0 goal in Penalty Kill

Team Stat

Phantoms - Hits : 27 - Faceoff Wins : 14 - Blocked Shots : 12 - Penalty Minutes : 21
Ice Caps - Hits : 17 - Faceoff Wins : 27 - Blocked Shots : 15 - Penalty Minutes : 21

Official

Referees : Unknown
Linesman : Unknown

Game Notes

Trevor Smith is injured at 0:41 of 1st period (Right Hand)
Chris Langkow beats up B.J. Crombeen at 5:08 of 1st period
Derek Grant and Deryk Engelland fight to a draw at 6:25 of 1st period
Nathan Oystrick is injured at 18:42 of 1st period (Bruised Left Shoulder)
B.J. Crombeen beats up Martin Gernat at 19:58 of 3rd period

Finance

Level 1 -- Attendance: 1414 (70.70%) -- Ticket Income $42,420
Level 2 -- Attendance: 721 (72.10%) -- Ticket Income $10,815
Total Attendance: 2135 (71.17%)
Total Ticket Income: $53,235
Other Income: $26,085
Total Income: $79,320

Phantoms

5 vs 5 Forward 
   Center                   Left Wing                Right Wing               Time % Phy DF OF 
 1 Ben Street               Dmitrij Jaskin           Deryk Engelland          35     1   2  2  
 2 Byron Froese             Garrett Wilson           Chris Neil               30     1   2  2  
 3 Bryan Lerg               Tom Sestito              Mark Louis               22     1   2  2  
 4 Chris Langkow            Mitch Moroz              Cody Bass                13     1   2  2  

5 vs 5 Defense 
   Defense                  Defense                                           Time % Phy DF OF 
 1 Bryan Allen              Brian Strait                                      35     1   2  2  
 2 Greg Zanon               Martin Gernat                                     30     1   2  2  
 3 Keegan Lowe              Bryan Allen                                       22     1   2  2  
 4 Brian Strait             Deryk Engelland                                   13     1   2  2  

PowerPlay Forward 
   Center                   Left Wing                Right Wing               Time % Phy DF OF 
 1 Ben Street               Dmitrij Jaskin           Deryk Engelland          60     1   2  2  
 2 Byron Froese             Garrett Wilson           Chris Neil               40     1   2  2  

PowerPlay Defense
   Defense                  Defense                                           Time % Phy DF OF 
 1 Bryan Allen              Brian Strait                                      60     1   2  2  
 2 Greg Zanon               Martin Gernat                                     40     1   2  2  

Penalty Kill 4 Players Forward 
   Center                   Wing                     Time % Phy DF OF 
 1 Dmitrij Jaskin           Chris Neil               60     1   2  2  
 2 Ben Street               Garrett Wilson           40     1   2  2  

Penalty Kill 4 Players Defense
   Defense                  Defense                  Time % Phy DF OF 
 1 Bryan Allen              Brian Strait             60     1   2  2  
 2 Deryk Engelland          Greg Zanon               40     1   2  2  

Penalty Kill - 3 Players Forward 
   Forward                                           Time % Phy DF OF 
 1 Dmitrij Jaskin                                    60     1   2  2  
 2 Chris Neil                                        40     1   2  2  

Penalty Kill - 3 Players Defense
   Defense                  Defense                  Time % Phy DF OF 
 1 Bryan Allen              Brian Strait             60     1   2  2  
 2 Deryk Engelland          Greg Zanon               40     1   2  2  

4 vs 4 Forward 
   Center                   Wing                     Time % Phy DF OF 
 1 Dmitrij Jaskin           Chris Neil               60     1   2  2  
 2 Ben Street               Garrett Wilson           40     1   2  2  

4 vs 4 Defense
   Defense                  Defense                  Time % Phy DF OF 
 1 Bryan Allen              Brian Strait             60     1   2  2  
 2 Deryk Engelland          Greg Zanon               40     1   2  2  

Last Minutes Offensive
   Center                   Left Wing                Right Wing               Defense                  Defense                  
   Ben Street               Dmitrij Jaskin           Deryk Engelland          Bryan Allen              Brian Strait             

Last Minutes Defensive
   Center                   Left Wing                Right Wing               Defense                  Defense                  
   Ben Street               Dmitrij Jaskin           Deryk Engelland          Bryan Allen              Brian Strait             

Goaltenders
Starting : Marek Mazanec            
Backup : Laurent Brossoit         

Extra Forwards
Normal : Nathan Longpre, Bryan Lerg, Chris Langkow - PP : Nathan Longpre, Bryan Lerg - PK : Chris Langkow
Extra Defensemen
Normal : Keegan Lowe, Martin Gernat, Greg Zanon - PP : Keegan Lowe - PK : Martin Gernat, Greg Zanon
Penalty Shots
Deryk Engelland, Dmitrij Jaskin, Chris Neil, Ben Street, Garrett Wilson

Ice Caps

5 vs 5 Forward 
   Center                   Left Wing                Right Wing               Time % Phy DF OF 
 1 Trevor Smith             Patrick Dwyer            Shawn Thornton           35     1   2  2  
 2 Derek Grant              B.J. Crombeen            Brandon Yip              30     1   2  2  
 3 Tim Kennedy              Chris Conner             Drew LeBlanc             22     1   2  2  
 4 Kyle MacKinnon           Paul Carey               Andrew Rowe              13     1   2  2  

5 vs 5 Defense 
   Defense                  Defense                                           Time % Phy DF OF 
 1 Alex Biega               Bobby Sanguinetti                                 35     1   2  2  
 2 Andrew Bodnarchuk        Nick D'Agostino                                   30     1   2  2  
 3 Nathan Oystrick          Barry Goers                                       22     1   2  2  
 4 Alex Biega               Bobby Sanguinetti                                 13     1   2  2  

PowerPlay Forward 
   Center                   Left Wing                Right Wing               Time % Phy DF OF 
 1 Trevor Smith             Patrick Dwyer            Shawn Thornton           60     1   2  2  
 2 Derek Grant              B.J. Crombeen            Brandon Yip              40     1   2  2  

PowerPlay Defense
   Defense                  Defense                                           Time % Phy DF OF 
 1 Alex Biega               Bobby Sanguinetti                                 60     1   2  2  
 2 Andrew Bodnarchuk        Nick D'Agostino                                   40     1   2  2  

Penalty Kill 4 Players Forward 
   Center                   Wing                     Time % Phy DF OF 
 1 Patrick Dwyer            Trevor Smith             60     1   2  2  
 2 Shawn Thornton           B.J. Crombeen            40     1   2  2  

Penalty Kill 4 Players Defense
   Defense                  Defense                  Time % Phy DF OF 
 1 Alex Biega               Bobby Sanguinetti        60     1   2  2  
 2 Andrew Bodnarchuk        Nick D'Agostino          40     1   2  2  

Penalty Kill - 3 Players Forward 
   Forward                                           Time % Phy DF OF 
 1 Patrick Dwyer                                     60     1   2  2  
 2 Trevor Smith                                      40     1   2  2  

Penalty Kill - 3 Players Defense
   Defense                  Defense                  Time % Phy DF OF 
 1 Alex Biega               Bobby Sanguinetti        60     1   2  2  
 2 Andrew Bodnarchuk        Nick D'Agostino          40     1   2  2  

4 vs 4 Forward 
   Center                   Wing                     Time % Phy DF OF 
 1 Patrick Dwyer            Trevor Smith             60     1   2  2  
 2 Shawn Thornton           B.J. Crombeen            40     1   2  2  

4 vs 4 Defense
   Defense                  Defense                  Time % Phy DF OF 
 1 Alex Biega               Bobby Sanguinetti        60     1   2  2  
 2 Andrew Bodnarchuk        Nick D'Agostino          40     1   2  2  

Last Minutes Offensive
   Center                   Left Wing                Right Wing               Defense                  Defense                  
   Trevor Smith             Patrick Dwyer            Shawn Thornton           Alex Biega               Bobby Sanguinetti        

Last Minutes Defensive
   Center                   Left Wing                Right Wing               Defense                  Defense                  
   Trevor Smith             Patrick Dwyer            Shawn Thornton           Alex Biega               Bobby Sanguinetti        

Goaltenders
Starting : Jeff Zatkoff             
Backup : Scott Greenham           

Extra Forwards
Normal : Chris Conner, Paul Carey, Tim Kennedy - PP : Chris Conner, Paul Carey - PK : Tim Kennedy
Extra Defensemen
Normal : Nathan Oystrick, Barry Goers, Andrew Bodnarchuk - PP : Nathan Oystrick - PK : Barry Goers, Andrew Bodnarchuk
Penalty Shots
Patrick Dwyer, Trevor Smith, Shawn Thornton, B.J. Crombeen, Chris Conner

% Time on Ice - Phantoms

Lines # - Real PCT - Wanted PCT - Time Play
Normal Forward
1 - 23% - 35% - 10:50
2 - 29% - 30% - 13:25
3 - 28% - 22% - 13:18
4 - 20% - 13% - 9:24
Normal Defense
1 - 22% - 35% - 10:30
2 - 40% - 30% - 18:51
3 - 24% - 22% - 11:04
4 - 14% - 13% - 6:32
PP Forward
1 - 43% - 60% - 2:34
2 - 57% - 40% - 3:23
PP Defense
1 - 56% - 60% - 3:20
2 - 44% - 40% - 2:37
PK Forward
1 - 82% - 60% - 5:49
2 - 18% - 40% - 1:17
PK Defense
1 - 65% - 60% - 4:35
2 - 35% - 40% - 2:31
PK3 Forward
1 - 0% - 60%
2 - 0% - 40%
PK3 Defense
1 - 0% - 60%
2 - 0% - 40%
44 Forward
1 - 86% - 60% - 4:17
2 - 14% - 40% - 0:43
44 Defense
1 - 55% - 60% - 2:44
2 - 45% - 40% - 2:16
Last Minute Offensive  - 0:00
Last Minute Defensive  - 0:00
Total
Forward - 65:00
Defense - 65:00

% Time on Ice - Ice Caps

Lines # - Real PCT - Wanted PCT - Time Play
Normal Forward
1 - 28% - 35% - 13:18
2 - 29% - 30% - 13:46
3 - 20% - 22% - 9:31
4 - 22% - 13% - 10:22
Normal Defense
1 - 27% - 35% - 12:50
2 - 25% - 30% - 11:49
3 - 42% - 22% - 19:44
4 - 5% - 13% - 2:34
PP Forward
1 - 57% - 60% - 4:02
2 - 43% - 40% - 3:04
PP Defense
1 - 56% - 60% - 4:00
2 - 44% - 40% - 3:06
PK Forward
1 - 94% - 60% - 5:34
2 - 6% - 40% - 0:23
PK Defense
1 - 62% - 60% - 3:40
2 - 38% - 40% - 2:17
PK3 Forward
1 - 0% - 60%
2 - 0% - 40%
PK3 Defense
1 - 0% - 60%
2 - 0% - 40%
44 Forward
1 - 100% - 60% - 5:00
2 - 0% - 40% - 0:00
44 Defense
1 - 53% - 60% - 2:40
2 - 47% - 40% - 2:20
Last Minute Offensive  - 0:00
Last Minute Defensive  - 0:00
Total
Forward - 65:00
Defense - 65:00

Play by Play

1st period


0:01 of 1st period - Trevor Smith wins face-off versus Ben Street in neutral zone.
0:40 of 1st period - Trevor Smith is hit by Deryk Engelland and loses puck.
0:41 of 1st period - Trevor Smith from Ice Caps is injured at 0:41 of 1st period (Right Hand).
0:42 of 1st period - Derek Grant wins face-off versus Byron Froese in Ice Caps zone.
0:42 of 1st period - Derek Grant is hit by Greg Zanon.
1:35 of 1st period - Minor Penalty to Chris Neil for Hooking.
1:36 of 1st period - Dmitrij Jaskin wins face-off versus Chris Conner in Phantoms zone.
1:49 of 1st period - Off-side.
1:50 of 1st period - Chris Conner wins face-off versus Dmitrij Jaskin in neutral zone.
3:35 of 1st period - Penalty to Chris Neil is over, Chris Neil is back on ice.
3:50 of 1st period - Shawn Thornton is hit by Chris Neil and loses puck.
4:09 of 1st period - Snap shot by Paul Carey.
4:09 of 1st period - Stopped by Marek Mazanec with a rebound.
4:11 of 1st period - Slapshot by Barry Goers.
4:11 of 1st period - Shot Blocked by Greg Zanon.
4:55 of 1st period - Wrist shot by Chris Conner.
4:55 of 1st period - Deflect By Drew LeBlanc.
4:55 of 1st period - Shot Misses the Net.
4:55 of 1st period - Puck is out of play.
4:56 of 1st period - Derek Grant wins face-off versus Chris Langkow in Phantoms zone.
5:01 of 1st period - Snap shot by B.J. Crombeen.
5:01 of 1st period - Stopped by Marek Mazanec with a rebound.
5:08 of 1st period - Chris Langkow beats up B.J. Crombeen.
5:08 of 1st period - Penalty to B.J. Crombeen for Fighting.
5:08 of 1st period - Penalty to Chris Langkow for Fighting.
5:09 of 1st period - Byron Froese wins face-off versus Derek Grant in Ice Caps zone.
5:22 of 1st period - Snap shot by Byron Froese.
5:22 of 1st period - Shot Misses the Net.
5:24 of 1st period - Wrist shot by Chris Neil.
5:24 of 1st period - Shot Blocked by Chris Conner.
5:26 of 1st period - Slapshot by Brian Strait.
5:26 of 1st period - Stopped by Jeff Zatkoff with a rebound.
5:30 of 1st period - Snap shot by Chris Neil.
5:30 of 1st period - Shot Blocked by Derek Grant.
5:32 of 1st period - Snap shot by Brian Strait.
5:32 of 1st period - Deflect By Byron Froese.
5:32 of 1st period - Stopped by Jeff Zatkoff with a rebound.
5:34 of 1st period - Snap shot by Bryan Allen.
5:34 of 1st period - Shot Misses the Net.
5:36 of 1st period - Snap shot by Bryan Allen.
5:36 of 1st period - Deflect By Chris Conner.
5:36 of 1st period - Stopped by Jeff Zatkoff with a rebound.
5:38 of 1st period - Wrist shot by Brian Strait.
5:38 of 1st period - Deflect By Bobby Sanguinetti.
5:38 of 1st period - Stopped by Jeff Zatkoff with a rebound.
5:40 of 1st period - Wrist shot by Byron Froese.
5:40 of 1st period - Shot Blocked by Bobby Sanguinetti.
5:42 of 1st period - Wrist shot by Chris Neil.
5:42 of 1st period - Stopped by Jeff Zatkoff without a rebound.
5:43 of 1st period - Patrick Dwyer wins face-off versus Nathan Longpre in Ice Caps zone.
6:16 of 1st period - Bryan Allen is hit by Shawn Thornton.
6:25 of 1st period - Derek Grant and Deryk Engelland fight to a draw.
6:25 of 1st period - Penalty to Derek Grant for Fighting.
6:25 of 1st period - Penalty to Deryk Engelland for Fighting.
6:26 of 1st period - Chris Conner wins face-off versus Dmitrij Jaskin in Ice Caps zone.
6:53 of 1st period - Wrist shot by Paul Carey.
6:53 of 1st period - Stopped by Marek Mazanec with a rebound.
6:55 of 1st period - Slapshot by Alex Biega.
6:55 of 1st period - Stopped by Marek Mazanec with a rebound.
8:04 of 1st period - Icing by Paul Carey.
8:05 of 1st period - Brandon Yip wins face-off versus Byron Froese in Ice Caps zone.
8:20 of 1st period - Paul Carey is hit by Chris Neil and loses puck.
11:16 of 1st period - Snap shot by Dmitrij Jaskin.
11:16 of 1st period - Stopped by Jeff Zatkoff with a rebound.
11:18 of 1st period - Wrist shot by Ben Street.
11:18 of 1st period - Stopped by Jeff Zatkoff with a rebound.
11:20 of 1st period - Slapshot by Brian Strait.
11:20 of 1st period - Shot Blocked by Chris Conner.
12:16 of 1st period - Wrist shot by Bryan Lerg.
12:16 of 1st period - Shot Blocked by Nathan Oystrick.
12:24 of 1st period - Minor Penalty to Derek Grant for Delaying the game.
12:25 of 1st period - Patrick Dwyer wins face-off versus Byron Froese in Ice Caps zone.
13:16 of 1st period - Icing by Dmitrij Jaskin.
13:17 of 1st period - Kyle MacKinnon wins face-off versus Ben Street in Phantoms zone.
13:26 of 1st period - Paul Carey is hit by Dmitrij Jaskin.
14:24 of 1st period - Penalty to Derek Grant is over, Derek Grant is back on ice.
14:44 of 1st period - Bryan Allen is hit by Shawn Thornton and loses puck.
15:30 of 1st period - Snap shot by Bryan Lerg.
15:30 of 1st period - Stopped by Jeff Zatkoff without a rebound.
15:31 of 1st period - Derek Grant wins face-off versus Bryan Lerg in Ice Caps zone.
15:44 of 1st period - Alex Biega is hit by Mark Louis and loses puck.
15:52 of 1st period - Snap shot by Tim Kennedy.
15:52 of 1st period - Stopped by Marek Mazanec with a rebound.
16:05 of 1st period - Chris Conner is hit by Martin Gernat and loses puck.
16:12 of 1st period - Minor Penalty to Barry Goers for Interference.
16:13 of 1st period - Patrick Dwyer wins face-off versus Byron Froese in Ice Caps zone.
17:02 of 1st period - Martin Gernat is hit by Derek Grant and loses puck.
17:33 of 1st period - B.J. Crombeen is hit by Brian Strait and loses puck.
18:12 of 1st period - Penalty to Barry Goers is over, Barry Goers is back on ice.
18:41 of 1st period - Nathan Oystrick is hit by Bryan Allen and loses puck.
18:42 of 1st period - Nathan Oystrick from Ice Caps is injured at 18:42 of 1st period (Bruised Left Shoulder).
18:43 of 1st period - Ben Street wins face-off versus Chris Conner in Ice Caps zone.
19:51 of 1st period - Brian Strait is hit by Paul Carey and loses puck.
Goals for this period are 0 for Phantoms vs 0 for Ice Caps.
Shots for this period are 8 for Phantoms vs 5 for Ice Caps.

2nd period


0:01 of 2nd period - Chris Conner wins face-off versus Ben Street in neutral zone.
0:19 of 2nd period - Wrist shot by Shawn Thornton.
0:19 of 2nd period - Stopped by Marek Mazanec with a rebound.
1:04 of 2nd period - Greg Zanon is hit by Andrew Rowe.
2:30 of 2nd period - Slapshot by Bryan Allen.
2:30 of 2nd period - Stopped by Jeff Zatkoff with a rebound.
3:16 of 2nd period - Slapshot by Chris Neil.
3:16 of 2nd period - Stopped by Jeff Zatkoff with a rebound.
3:18 of 2nd period - Wrist shot by Deryk Engelland.
3:18 of 2nd period - Deflect By Patrick Dwyer.
3:18 of 2nd period - Stopped by Jeff Zatkoff without a rebound.
3:19 of 2nd period - Byron Froese wins face-off versus Paul Carey in Ice Caps zone.
3:49 of 2nd period - Icing by Chris Neil.
3:50 of 2nd period - Derek Grant wins face-off versus Byron Froese in Phantoms zone.
3:57 of 2nd period - Snap shot by B.J. Crombeen.
3:57 of 2nd period - Goal by B.J. Crombeen - Phantoms : 0 - Ice Caps : 1.
3:58 of 2nd period - Ben Street wins face-off versus Chris Conner in neutral zone.
4:03 of 2nd period - Wrist shot by Dmitrij Jaskin.
4:03 of 2nd period - Stopped by Jeff Zatkoff with a rebound.
4:53 of 2nd period - Wrist shot by Mark Louis.
4:53 of 2nd period - Shot Blocked by Patrick Dwyer.
4:55 of 2nd period - Slapshot by Greg Zanon.
4:55 of 2nd period - Stopped by Jeff Zatkoff with a rebound.
5:01 of 2nd period - Snap shot by Tom Sestito.
5:01 of 2nd period - Stopped by Jeff Zatkoff with a rebound.
5:42 of 2nd period - B.J. Crombeen is hit by Cody Bass and loses puck.
6:11 of 2nd period - Derek Grant is hit by Garrett Wilson and loses puck.
6:18 of 2nd period - Wrist shot by Byron Froese.
6:18 of 2nd period - Shot Misses the Net.
6:20 of 2nd period - Snap shot by Byron Froese.
6:20 of 2nd period - Goal by Byron Froese - Phantoms : 1 - Ice Caps : 1.
6:21 of 2nd period - Kyle MacKinnon wins face-off versus Dmitrij Jaskin in neutral zone.
7:15 of 2nd period - Byron Froese is hit by Tim Kennedy and loses puck.
7:27 of 2nd period - Slapshot by Barry Goers.
7:27 of 2nd period - Shot Misses the Net.
8:13 of 2nd period - Slapshot by Shawn Thornton.
8:13 of 2nd period - Stopped by Marek Mazanec with a rebound.
9:01 of 2nd period - Wrist shot by Paul Carey.
9:01 of 2nd period - Stopped by Marek Mazanec with a rebound.
9:03 of 2nd period - Wrist shot by Andrew Rowe.
9:03 of 2nd period - Stopped by Marek Mazanec with a rebound.
9:05 of 2nd period - Snap shot by Andrew Rowe.
9:05 of 2nd period - Shot Blocked by Tom Sestito.
9:07 of 2nd period - Wrist shot by Paul Carey.
9:07 of 2nd period - Stopped by Marek Mazanec with a rebound.
9:09 of 2nd period - Snap shot by Alex Biega.
9:09 of 2nd period - Deflect By Bryan Lerg.
9:09 of 2nd period - Stopped by Marek Mazanec without a rebound.
9:09 of 2nd period - Minor Penalty to Marek Mazanec for Slashing.
9:10 of 2nd period - Derek Grant wins face-off versus Dmitrij Jaskin in Phantoms zone.
9:11 of 2nd period - Wrist shot by B.J. Crombeen.
9:11 of 2nd period - Stopped by Marek Mazanec without a rebound.
9:12 of 2nd period - Dmitrij Jaskin wins face-off versus Derek Grant in Phantoms zone.
11:09 of 2nd period - Penalty to Tom Sestito is over, Tom Sestito is back on ice.
11:09 of 2nd period - Bryan Allen is hit by Paul Carey and loses puck.
11:47 of 2nd period - Wrist shot by Paul Carey.
11:47 of 2nd period - Stopped by Marek Mazanec with a rebound.
11:53 of 2nd period - Snap shot by Paul Carey.
11:53 of 2nd period - Shot Blocked by Brian Strait.
11:55 of 2nd period - Slapshot by Alex Biega.
11:55 of 2nd period - Shot Blocked by Bryan Allen.
12:14 of 2nd period - Wrist shot by Chris Conner.
12:14 of 2nd period - Shot Blocked by Chris Langkow.
12:16 of 2nd period - Snap shot by Chris Conner.
12:16 of 2nd period - Shot Misses the Net.
12:47 of 2nd period - Snap shot by Shawn Thornton.
12:47 of 2nd period - Stopped by Marek Mazanec with a rebound.
12:49 of 2nd period - Slapshot by Bobby Sanguinetti.
12:49 of 2nd period - Shot Blocked by Bryan Lerg.
12:51 of 2nd period - Snap shot by Patrick Dwyer.
12:51 of 2nd period - Shot Blocked by Martin Gernat.
13:17 of 2nd period - Paul Carey is hit by Deryk Engelland and loses puck.
13:38 of 2nd period - Deryk Engelland is hit by Tim Kennedy and loses puck.
13:47 of 2nd period - Snap shot by Byron Froese.
13:47 of 2nd period - Shot Misses the Net.
13:53 of 2nd period - Chris Neil is hit by Shawn Thornton and loses puck.
14:53 of 2nd period - B.J. Crombeen is hit by Mark Louis.
15:07 of 2nd period - Snap shot by Ben Street.
15:07 of 2nd period - Shot Blocked by Nick D'Agostino.
15:33 of 2nd period - Paul Carey is hit by Mitch Moroz and loses puck.
16:53 of 2nd period - Slapshot by Shawn Thornton.
16:53 of 2nd period - Stopped by Marek Mazanec with a rebound.
17:16 of 2nd period - Chris Langkow is hit by Kyle MacKinnon and loses puck.
17:29 of 2nd period - Chris Conner is hit by Keegan Lowe and loses puck.
17:59 of 2nd period - Snap shot by Patrick Dwyer.
17:59 of 2nd period - Shot Blocked by Keegan Lowe.
18:01 of 2nd period - Wrist shot by Patrick Dwyer.
18:01 of 2nd period - Shot Blocked by Garrett Wilson.
18:03 of 2nd period - Slapshot by Bobby Sanguinetti.
18:03 of 2nd period - Stopped by Marek Mazanec with a rebound.
18:05 of 2nd period - Wrist shot by Kyle MacKinnon.
18:05 of 2nd period - Stopped by Marek Mazanec with a rebound.
18:07 of 2nd period - Snap shot by Alex Biega.
18:07 of 2nd period - Shot Misses the Net.
18:31 of 2nd period - Slapshot by Dmitrij Jaskin.
18:31 of 2nd period - Goal by Dmitrij Jaskin - Phantoms : 2 - Ice Caps : 1.
18:32 of 2nd period - Ben Street wins face-off versus Kyle MacKinnon in neutral zone.
18:43 of 2nd period - Slapshot by Dmitrij Jaskin.
18:43 of 2nd period - Shot Misses the Net.
18:45 of 2nd period - Slapshot by Martin Gernat.
18:45 of 2nd period - Stopped by Jeff Zatkoff with a rebound.
18:47 of 2nd period - Snap shot by Deryk Engelland.
18:47 of 2nd period - Shot Blocked by Barry Goers.
18:49 of 2nd period - Slapshot by Dmitrij Jaskin.
18:49 of 2nd period - Shot Blocked by Paul Carey.
18:51 of 2nd period - Slapshot by Martin Gernat.
18:51 of 2nd period - Shot Blocked by Andrew Bodnarchuk.
18:53 of 2nd period - Snap shot by Deryk Engelland.
18:53 of 2nd period - Shot Misses the Net.
19:35 of 2nd period - Garrett Wilson is hit by Derek Grant and loses puck.
19:56 of 2nd period - Bryan Lerg is hit by Alex Biega and loses puck.
Goals for this period are 2 for Phantoms vs 1 for Ice Caps.
Shots for this period are 9 for Phantoms vs 13 for Ice Caps.

3rd period


0:01 of 3rd period - Ben Street wins face-off versus Patrick Dwyer in neutral zone.
0:06 of 3rd period - Snap shot by Ben Street.
0:06 of 3rd period - Shot Blocked by Patrick Dwyer.
0:08 of 3rd period - Snap shot by Dmitrij Jaskin.
0:08 of 3rd period - Stopped by Jeff Zatkoff with a rebound.
0:10 of 3rd period - Snap shot by Deryk Engelland.
0:10 of 3rd period - Stopped by Jeff Zatkoff with a rebound.
0:27 of 3rd period - Snap shot by Deryk Engelland.
0:27 of 3rd period - Shot Misses the Net.
0:29 of 3rd period - Snap shot by Deryk Engelland.
0:29 of 3rd period - Shot Misses the Net.
0:31 of 3rd period - Slapshot by Bryan Allen.
0:31 of 3rd period - Shot Misses the Net.
0:33 of 3rd period - Slapshot by Bryan Allen.
0:33 of 3rd period - Shot Blocked by Patrick Dwyer.
0:35 of 3rd period - Snap shot by Deryk Engelland.
0:35 of 3rd period - Stopped by Jeff Zatkoff with a rebound.
0:37 of 3rd period - Snap shot by Brian Strait.
0:37 of 3rd period - Deflect By Dmitrij Jaskin.
0:37 of 3rd period - Shot Misses the Net.
0:37 of 3rd period - Puck is out of play.
0:38 of 3rd period - Byron Froese wins face-off versus Derek Grant in Ice Caps zone.
1:01 of 3rd period - Snap shot by Byron Froese.
1:01 of 3rd period - Shot Misses the Net.
1:31 of 3rd period - Paul Carey is hit by Martin Gernat and loses puck.
1:48 of 3rd period - Snap shot by Paul Carey.
1:48 of 3rd period - Stopped by Marek Mazanec with a rebound.
1:50 of 3rd period - Snap shot by Paul Carey.
1:50 of 3rd period - Deflect By Andrew Rowe.
1:50 of 3rd period - Shot Misses the Net.
1:50 of 3rd period - Puck is out of play.
1:51 of 3rd period - Tim Kennedy wins face-off versus Ben Street in Phantoms zone.
2:03 of 3rd period - Minor Penalty to Bryan Allen for Holding.
2:04 of 3rd period - Dmitrij Jaskin wins face-off versus Chris Conner in Phantoms zone.
2:13 of 3rd period - Brian Strait is hit by Shawn Thornton and loses puck.
3:10 of 3rd period - Slapshot by B.J. Crombeen.
3:10 of 3rd period - Shot Blocked by Brian Strait.
3:14 of 3rd period - Slapshot by B.J. Crombeen.
3:14 of 3rd period - Shot Misses the Net.
3:16 of 3rd period - Slapshot by Nick D'Agostino.
3:16 of 3rd period - Stopped by Marek Mazanec with a rebound.
3:18 of 3rd period - Wrist shot by B.J. Crombeen.
3:18 of 3rd period - Shot Misses the Net.
3:20 of 3rd period - Slapshot by Derek Grant.
3:20 of 3rd period - Shot Misses the Net.
3:40 of 3rd period - Icing by Chris Conner.
3:41 of 3rd period - Ben Street wins face-off versus Chris Conner in Ice Caps zone.
3:49 of 3rd period - Icing by Shawn Thornton.
3:50 of 3rd period - Chris Conner wins face-off versus Ben Street in Ice Caps zone.
4:03 of 3rd period - Penalty to Bryan Allen is over, Bryan Allen is back on ice.
4:10 of 3rd period - Greg Zanon is hit by Derek Grant and loses puck.
4:23 of 3rd period - Slapshot by Garrett Wilson.
4:23 of 3rd period - Deflect By Ben Street.
4:23 of 3rd period - Stopped by Jeff Zatkoff with a rebound.
4:47 of 3rd period - Andrew Rowe is hit by Mark Louis and loses puck.
5:42 of 3rd period - Slapshot by Brian Strait.
5:42 of 3rd period - Deflect By Chris Conner.
5:42 of 3rd period - Stopped by Jeff Zatkoff with a rebound.
6:01 of 3rd period - Snap shot by Tim Kennedy.
6:01 of 3rd period - Stopped by Marek Mazanec with a rebound.
7:12 of 3rd period - Deryk Engelland is hit by Patrick Dwyer and loses puck.
7:23 of 3rd period - Patrick Dwyer is hit by Ben Street and loses puck.
7:44 of 3rd period - Icing by Bryan Allen.
7:45 of 3rd period - Kyle MacKinnon wins face-off versus Ben Street in Phantoms zone.
8:22 of 3rd period - Drew LeBlanc is hit by Chris Neil and loses puck.
8:43 of 3rd period - Derek Grant is hit by Mark Louis and loses puck.
9:44 of 3rd period - Slapshot by Paul Carey.
9:44 of 3rd period - Stopped by Marek Mazanec with a rebound.
10:02 of 3rd period - Snap shot by Chris Neil.
10:02 of 3rd period - Stopped by Jeff Zatkoff with a rebound.
10:14 of 3rd period - Nick D'Agostino is hit by Garrett Wilson and loses puck.
10:53 of 3rd period - Snap shot by Dmitrij Jaskin.
10:53 of 3rd period - Stopped by Jeff Zatkoff with a rebound.
11:12 of 3rd period - Minor Penalty to Mitch Moroz for Holding.
11:13 of 3rd period - Derek Grant wins face-off versus Dmitrij Jaskin in Phantoms zone.
11:17 of 3rd period - Wrist shot by Derek Grant.
11:17 of 3rd period - Shot Misses the Net.
11:35 of 3rd period - Brian Strait is hit by Patrick Dwyer and loses puck.
12:19 of 3rd period - Slapshot by B.J. Crombeen.
12:19 of 3rd period - Shot Misses the Net.
12:21 of 3rd period - Wrist shot by B.J. Crombeen.
12:21 of 3rd period - Goal by B.J. Crombeen - Phantoms : 2 - Ice Caps : 2.
12:22 of 3rd period - Tim Kennedy wins face-off versus Bryan Lerg in neutral zone.
13:10 of 3rd period - Slapshot by Cody Bass.
13:10 of 3rd period - Stopped by Jeff Zatkoff without a rebound.
13:11 of 3rd period - Chris Langkow wins face-off versus Kyle MacKinnon in Ice Caps zone.
13:22 of 3rd period - Slapshot by Cody Bass.
13:22 of 3rd period - Shot Blocked by Paul Carey.
14:35 of 3rd period - Slapshot by Derek Grant.
14:35 of 3rd period - Stopped by Marek Mazanec with a rebound.
14:37 of 3rd period - Backhand shot by Nick D'Agostino.
14:37 of 3rd period - Stopped by Marek Mazanec with a rebound.
14:44 of 3rd period - Minor Penalty to B.J. Crombeen for Holding.
14:45 of 3rd period - Patrick Dwyer wins face-off versus Ben Street in Ice Caps zone.
15:28 of 3rd period - Bobby Sanguinetti is hit by Chris Neil and loses puck.
16:11 of 3rd period - Chris Conner is hit by Byron Froese and loses puck.
16:36 of 3rd period - Bobby Sanguinetti is hit by Brian Strait and loses puck.
16:44 of 3rd period - Penalty to B.J. Crombeen is over, B.J. Crombeen is back on ice.
17:16 of 3rd period - Wrist shot by Paul Carey.
17:16 of 3rd period - Stopped by Marek Mazanec without a rebound.
17:17 of 3rd period - Derek Grant wins face-off versus Mitch Moroz in Phantoms zone.
17:20 of 3rd period - Snap shot by B.J. Crombeen.
17:20 of 3rd period - Stopped by Marek Mazanec with a rebound.
17:32 of 3rd period - Snap shot by Derek Grant.
17:32 of 3rd period - Stopped by Marek Mazanec with a rebound.
17:50 of 3rd period - Wrist shot by Paul Carey.
17:50 of 3rd period - Stopped by Marek Mazanec with a rebound.
17:58 of 3rd period - Backhand shot by Kyle MacKinnon.
17:58 of 3rd period - Shot Blocked by Bryan Allen.
18:00 of 3rd period - Snap shot by Kyle MacKinnon.
18:00 of 3rd period - Shot Blocked by Mitch Moroz.
18:02 of 3rd period - Snap shot by Paul Carey.
18:02 of 3rd period - Deflect By Andrew Rowe.
18:02 of 3rd period - Shot Misses the Net.
18:02 of 3rd period - Puck is out of play.
18:03 of 3rd period - Kyle MacKinnon wins face-off versus Bryan Lerg in Phantoms zone.
18:16 of 3rd period - Slapshot by Martin Gernat.
18:16 of 3rd period - Stopped by Jeff Zatkoff without a rebound.
18:17 of 3rd period - Tim Kennedy wins face-off versus Bryan Lerg in Ice Caps zone.
18:17 of 3rd period - Tim Kennedy is hit by Tom Sestito.
18:47 of 3rd period - Snap shot by Bryan Lerg.
18:47 of 3rd period - Stopped by Jeff Zatkoff with a rebound.
19:39 of 3rd period - Bobby Sanguinetti is hit by Deryk Engelland and loses puck.
19:48 of 3rd period - Snap shot by Deryk Engelland.
19:48 of 3rd period - Stopped by Jeff Zatkoff with a rebound.
19:53 of 3rd period - Off-side.
19:54 of 3rd period - Derek Grant wins face-off versus Chris Langkow in neutral zone.
19:58 of 3rd period - B.J. Crombeen beats up Martin Gernat.
19:58 of 3rd period - Penalty to B.J. Crombeen for Fighting.
19:58 of 3rd period - Penalty to Martin Gernat for Fighting.
19:59 of 3rd period - Paul Carey wins face-off versus Bryan Lerg in neutral zone.
Goals for this period are 0 for Phantoms vs 1 for Ice Caps.
Shots for this period are 11 for Phantoms vs 11 for Ice Caps.

Overtime #1


0:01 of 1st overtime period - Dmitrij Jaskin wins face-off versus Patrick Dwyer in neutral zone.
0:30 of 1st overtime period - Wrist shot by Chris Neil.
0:30 of 1st overtime period - Shot Blocked by Patrick Dwyer.
0:32 of 1st overtime period - Slapshot by Brian Strait.
0:32 of 1st overtime period - Shot Blocked by Bobby Sanguinetti.
0:34 of 1st overtime period - Slapshot by Bryan Allen.
0:34 of 1st overtime period - Stopped by Jeff Zatkoff with a rebound.
0:36 of 1st overtime period - Slapshot by Brian Strait.
0:36 of 1st overtime period - Deflect By Chris Conner.
0:36 of 1st overtime period - Stopped by Jeff Zatkoff with a rebound.
2:38 of 1st overtime period - Slapshot by Tim Kennedy.
2:38 of 1st overtime period - Shot Misses the Net.
3:12 of 1st overtime period - Nick D'Agostino is hit by Garrett Wilson and loses puck.
4:08 of 1st overtime period - Slapshot by Brian Strait.
4:08 of 1st overtime period - Stopped by Jeff Zatkoff without a rebound.
4:09 of 1st overtime period - Chris Langkow wins face-off versus Kyle MacKinnon in Ice Caps zone.
4:18 of 1st overtime period - Slapshot by Brian Strait.
4:18 of 1st overtime period - Stopped by Jeff Zatkoff without a rebound.
4:19 of 1st overtime period - Kyle MacKinnon wins face-off versus Dmitrij Jaskin in Ice Caps zone.
4:30 of 1st overtime period - Dmitrij Jaskin is hit by Andrew Bodnarchuk and loses puck.
4:58 of 1st overtime period - Penalty to B.J. Crombeen is over, B.J. Crombeen is back on ice.
4:58 of 1st overtime period - Penalty to Martin Gernat is over, Martin Gernat is back on ice.
Goals for this period are 0 for Phantoms vs 0 for Ice Caps.
Shots for this period are 4 for Phantoms vs 0 for Ice Caps.

ShootOut


5:00 of 1st overtime period - Penalty Shot by Deryk Engelland for Phantoms.
5:00 of 1st overtime period - Wrist shot by Deryk Engelland.
5:00 of 1st overtime period - Stopped by Jeff Zatkoff.
5:00 of 1st overtime period - Penalty Shot by Patrick Dwyer for Ice Caps.
5:00 of 1st overtime period - Snap shot by Patrick Dwyer.
5:00 of 1st overtime period - Stopped by Marek Mazanec.
5:00 of 1st overtime period - Penalty Shot by Dmitrij Jaskin for Phantoms.
5:00 of 1st overtime period - Snap shot by Dmitrij Jaskin.
5:00 of 1st overtime period - Stopped by Jeff Zatkoff.
5:00 of 1st overtime period - Penalty Shot by Chris Conner for Ice Caps.
5:00 of 1st overtime period - Deke by Chris Conner.
5:00 of 1st overtime period - Stopped by Marek Mazanec.
5:00 of 1st overtime period - Penalty Shot by Chris Neil for Phantoms.
5:00 of 1st overtime period - Wrist shot by Chris Neil.
5:00 of 1st overtime period - Shot Misses the Net.
5:00 of 1st overtime period - Penalty Shot by Shawn Thornton for Ice Caps.
5:00 of 1st overtime period - Wrist shot by Shawn Thornton.
5:00 of 1st overtime period - Stopped by Marek Mazanec.
5:00 of 1st overtime period - Penalty Shot by Ben Street for Phantoms.
5:00 of 1st overtime period - Snap shot by Ben Street.
5:00 of 1st overtime period - Stopped by Jeff Zatkoff.
5:00 of 1st overtime period - Penalty Shot by B.J. Crombeen for Ice Caps.
5:00 of 1st overtime period - Wrist shot by B.J. Crombeen.
5:00 of 1st overtime period - Goal by B.J. Crombeen.